 Dungeon Crawl Stone Soup version 0.30-a0-1074-g5db6f66fbb (webtiles) character file.

Game seed: 16032072402824891774

4249 LustLizard the Slicer (level 10, -1/80 HPs)
             Began as a Merfolk Gladiator on Apr 13, 2023.
             Was a Priest of Ru.
             Slain by a hornet (12 damage)
             ... on level 10 of the Dungeon.
             The game lasted 00:23:26 (11286 turns).

LustLizard the Slicer (Merfolk Gladiator)          Turns: 11286, Time: 00:23:26

Health: -1/80      AC: 11    Str: 18    XL:     10   Next: 31%
Magic:  15/15      EV: 16    Int:  8    God:    Ru [***...]
Gold:   246        SH:  6    Dex: 20    Spells: 16/16 levels left

rFire   . . .      SeeInvis .    M - +4 scimitar
rCold   . . .      Faith    .    j - +0 buckler of Philately {-Cast Str+4}
rNeg    . . .      Spirit   .    I - +0 acid dragon scales
rPois   .          Reflect  .    c - +0 helmet
rElec   .          Rampage  .    d - +1 cloak
rCorr   +          NoCast   +    n - +1 pair of gloves
Will    .....                    D - melded +0 pair of boots
Stlth   ++++                     (no amulet)
HPRegen 0.33/turn                (no ring)
MPRegen 0.14/turn                (no ring)

@: lethally poisoned (-1 -> -6), slowed, quick
A: inability to use devices, no air magic, no conjurations magic, no
transmutations magic, nimble swimmer 2, mertail
a: Renounce Religion, Draw Out Power


You were on level 10 of the Dungeon.
You worshipped Ru.
Ru was most pleased with you.
You visited 2 branches of the dungeon, and saw 11 of its levels.

You collected 508 gold pieces.
You spent 262 gold pieces at shops.

Inventory:

Hand Weapons
 a - a +0 rapier
 H - a +0 long sword
 M - a +4 scimitar (weapon)
Missiles
 e - 6 javelins (quivered)
 o - 5 silver javelins
Armour
 b - a +0 leather armour
 c - a +0 helmet (worn)
 d - a +1 cloak (worn)
 j - the +0 buckler of Philately (worn) {-Cast Str+4}
   (You took it off a kobold on level 2 of the Dungeon)

   Str:       It affects your strength (+4).
   -Cast:     It prevents spellcasting.
 n - a +1 pair of gloves (worn)
 B - a +0 ring mail of cold resistance
 D - a +0 pair of boots (melded)
 I - +0 acid dragon scales (worn)
 N - a scarf of resistance
Jewellery
 h - an amulet of faith
Scrolls
 i - 2 scrolls of magic mapping {unknown}
 k - 2 scrolls of enchant armour
 l - 3 scrolls of poison
 p - 2 scrolls of summoning {unknown}
 q - a scroll of acquirement {unknown}
 r - a scroll of silence {unknown}
 t - 2 scrolls of blinking
 u - 2 scrolls of enchant weapon {unknown}
 w - 4 scrolls of teleportation
 x - 2 scrolls of amnesia {unknown}
 y - 2 scrolls of fear
 z - 2 scrolls of fog {unknown}
 A - a scroll of immolation {unknown}
 L - a scroll of noise {unknown}
Potions
 f - 2 potions of might
 g - 2 potions of curing
 m - a potion of cancellation {unknown}
 s - 2 potions of heal wounds
 v - 3 potions of lignification
 C - a potion of magic {unknown}
 E - 2 potions of flight
 F - a potion of brilliance {unknown}
 G - a potion of mutation {unknown}
 J - 2 potions of haste {unknown}
 K - 2 potions of berserk rage {unknown}


   Skills:
 + Level 7.8 Fighting
 - Level 10.0(10.9) Short Blades
 * Level 6.7(9.3) Long Blades
 - Level 2.0 Throwing
 - Level 4.0 Dodging
 - Level 5.0 Stealth
 - Level 6.0 Shields
 + Level 3.7 Spellcasting


You had 16 spell levels left.
You didn't know any spells.
Your spell library contained the following spells:

 Spells                   Type           Power      Damage    Failure   Level
 Summon Small Mammal      Summ           4%         N/A       45%         1
 Blink                    Tloc           2%         N/A       61%         2
 Lesser Beckoning         Tloc           2%         N/A       61%         2
 Call Canine Familiar     Summ           1%         N/A       83%         3
 Summon Guardian Golem    Hex/Summ       1%         N/A       83%         3
 Metabolic Englaciation   Hex/Ice        0%         N/A       100%        5
 Momentum Strike          Conj/Tloc      Unusable   3d8       N/A         2
 Petrify                  Tmut/Erth      Unusable   N/A       N/A         4
 Statue Form              Tmut/Erth      Unusable   N/A       N/A         6

Dungeon Overview and Level Annotations

Branches:
Dungeon (10/15)            Temple (1/1) D:5            Lair (0/5) D:9
    Orc: D:9-12

Altars:
Ashenzari
Cheibriados
Dithmenos
Elyvilon
Gozag
Hepliaklqana
Kikubaaqudgha
Makhleb
Nemelex Xobeh
Okawaru
Qazlal
Ru
Sif Muna
Trog
Vehumet
Wu Jian
Xom
Yredelemnul
Zin
The Shining One

Shops:
D:1 =   D:6 [   D:7 ?=[=


Innate Abilities, Weirdness & Mutations

You cannot study or use magical devices.
You cannot study or cast Air magic.
You cannot study or cast Conjurations magic.
You cannot study or cast Transmutations magic.
You are very nimble when in or above water. (Stealth+, EV+, Speed+++)
Your lower body shifts to a powerful aquatic tail in water.


Message History

You feel yourself slow down. The troll barely misses you.
The troll claws you but does no damage. x2
You can move again.
You closely miss the hornet.
The hornet is heavily wounded.
You feel yourself speed up.
You feel very sick.
The hornet is stunned by your conviction and fails to attack.
You block the hornet's attack. The troll closely misses you.
You block the troll's attack. The troll claws you!
The hornet barely misses you.
Blink to where?
Press: ? - help, Dir - move target Your legs become a tail as you dive into the water.
Your +0 pair of boots melds into your body.
Floosh!
As you read the scroll of blinking, it crumbles to dust.
You feel very sick.
You feel sick.
You feel better.
Throw: 7 javelins
Press: ? - help, Q - select action, (/) - cycle Shift-Dir - straight line, f - hornet
Aim: a hornet (heavily wounded, 54% to hit)
You throw a javelin. The javelin closely misses the hornet.
Unknown command.
You slash the hornet!
Your tail-slap misses the hornet.
The hornet is almost dead.
The hornet stings you!
You are poisoned.
You feel yourself slow down. The hornet stings you!
* * * LOW HITPOINT WARNING * * *
You feel as though you will be slow longer.
You focus your inner power and blind the hornet in retribution!
Okay, then.
You catch the helpless hornet completely off-guard!
You hit the hornet but do no damage.
The hornet is almost dead.
You feel very sick.
The hornet is no longer blind.
The hornet misses you. The hornet stings you!
You die...

..###.......#####....# #...
...##....#.)†...####...#
#...##
..###..............###..#
#..# #.
.....................##.# #.
#. ##....................# ..
##....................## #.
.............#..<....#.# #..
.............#.###.....# <..
.#...........#.#@#.....# ..#
##.#...........#y#.....##.#
...##
######.........#≈#......#.#
...## .#
#...#.#.....≈.......#.#....##
.#
##...#####...~......##.#....#
####....# ##.~...#####.......
..##....## ####..y###.....#
.......).##
#...(..........##.
..........#
#......T#.........


You could see a hornet.

Vanquished Creatures
  3 slime creatures (D:10)
  Sigmund (D:3)
  A wraith (D:7)
  Edmund (D:6)
  2 acid dragons
  A water moccasin (D:7)
  3 ice beasts
  2 centaurs
  3 ogres
  A kobold brigand (D:9)
  Blork the orc (D:6)
  6 bullfrogs
  2 scorpions
  7 wights
  A killer bee (D:5)
  3 vampire bats (D:6)
  8 howler monkeys
  A jelly (D:5)
  3 orc priests
  2 hounds
  2 sleepcaps
  3 orc wizards (D:7)
  2 iguanas (D:4)
  8 adders
  A white imp (D:8)
  2 worms
  4 dart slugs
  24 orcs
  3 ball pythons
  8 bats
  A bat skeleton (D:6)
  4 bat zombies (D:6)
  10 endoplasms
  3 giant cockroaches
  4 goblins
  10 hobgoblins
  12 kobolds
  7 quokkas
  A frilled lizard (D:1)
  9 rats
170 creatures vanquished.

Vanquished Creatures (collateral kills)
  An ice beast (D:5)
  2 killer bees (D:5)
  An adder (D:5)
4 creatures vanquished.

Vanquished Creatures (others)
  A vampire mosquito (D:6)
  A centaur (D:10)
  A wight (D:8)
  An orc wizard (D:6)
  A kobold (D:9)
  4 plants (D:1)
9 creatures vanquished.

Grand Total: 183 creatures vanquished

Notes
Turn   | Place    | Note
-------+----------+-------------------------------------------
     0 | D:1      | LustLizard the Merfolk Gladiator began the quest for the
                  | Orb.
     0 | D:1      | Reached XP level 1. HP: 16/16 MP: 1/1
   109 | D:1      | Found Faipneho's Jewellery Shoppe.
   134 | D:1      | Reached skill level 4 in Short Blades
   134 | D:1      | Reached XP level 2. HP: 19/23 MP: 2/2
   289 | D:1      | Reached skill level 1 in Stealth
   774 | D:1      | Reached XP level 3. HP: 28/28 MP: 3/3
  1368 | D:2      | Identified the +0 buckler of Philately {-Cast Str+4}
  1556 | D:2      | Reached XP level 4. HP: 35/35 MP: 4/4
  2055 | D:3      | Reached skill level 5 in Short Blades
  2072 | D:3      | Found a faded altar of an unknown god.
  2258 | D:3      | Noticed Sigmund
  2563 | D:4      | Reached XP level 5. HP: 41/41 MP: 5/5
  2569 | D:4      | Reached skill level 1 in Shields
  3158 | D:4      | Reached XP level 6. HP: 18/47 MP: 6/6
  3512 | D:5      | Entered Level 5 of the Dungeon
  3523 | D:5      | Noticed an ice beast
  3546 | D:5      | Killed an ice beast
  3547 | D:5      | Reached skill level 6 in Short Blades
  3580 | D:5      | Found a staircase to the Ecumenical Temple.
  3611 | Temple   | Entered the Ecumenical Temple
  3882 | Temple   | Became a worshipper of Ru the Awakened
  4011 | D:5      | Noticed an ice beast
  4089 | D:5      | Reached XP level 7. HP: 37/54 MP: 7/7
  4160 | D:5      | Reached skill level 7 in Short Blades
  4397 | D:5      | Reached XP level 8. HP: 12/61 MP: 8/8
  4600 | D:5      | Found an iron altar of Okawaru.
  4603 | D:5      | Found a shimmering blue altar of Sif Muna.
  5212 | D:3      | Killed Sigmund
  5213 | D:3      | Reached skill level 5 in Fighting
  5213 | D:3      | Reached skill level 8 in Short Blades
  5213 | D:3      | Reached skill level 5 in Stealth
  5753 | D:6      | Gained mutation: You cannot study or use magical devices.
                  | [Ru sacrifice]
  5753 | D:6      | Reached * piety under Ru
  5753 | D:6      | Reached ** piety under Ru
  5789 | D:6      | Found Tacil's Armour Emporium.
  5789 | D:6      | Noticed Blork the orc
  6300 | D:6      | Found an ancient bone altar of Kikubaaqudgha.
  6331 | D:6      | Reached skill level 9 in Short Blades
  6704 | D:6      | Noticed Edmund
  6723 | D:6      | Killed Edmund
  6802 | D:6      | Found an opulent altar of Gozag.
  7218 | D:6      | Found a burning altar of Makhleb.
  7345 | D:6      | Reached XP level 9. HP: 69/69 MP: 9/9
  7394 | D:6      | Killed Blork the orc
  7631 | D:7      | Reached skill level 1 in Spellcasting
  7788 | D:7      | Reached skill level 10 in Short Blades
  8234 | D:7      | Reached skill level 1 in Long Blades
  8396 | D:7      | Reached skill level 5 in Shields
  8399 | D:7      | Found Doczohan's Jewellery Boutique.
  8427 | D:7      | Found Ynnab's Jewellery Boutique.
  8456 | D:7      | Found Xucwet's Antique Armour Shop.
  8688 | D:7      | Found Restoum's Magic Scroll Emporium.
  8795 | D:7      | Bought a scroll of fear for 60 gold pieces
  8795 | D:7      | Bought a scroll of identify for 30 gold pieces
  8795 | D:7      | Bought a scroll of blinking for 112 gold pieces
  8795 | D:7      | Bought a scroll of poison for 60 gold pieces
  9022 | D:7      | Gained mutation: You cannot study or cast Air magic. [Ru
                  | sacrifice]
  9022 | D:7      | Gained mutation: You cannot study or cast Transmutations
                  | magic. [Ru sacrifice]
  9022 | D:7      | Gained mutation: You cannot study or cast Conjurations
                  | magic. [Ru sacrifice]
  9022 | D:7      | Reached *** piety under Ru
  9584 | D:8      | Found a glowing silver altar of Zin.
  9941 | D:9      | Noticed a two-headed ogre
 10117 | D:9      | Reached skill level 5 in Long Blades
 10117 | D:9      | Reached XP level 10. HP: 77/79 MP: 14/14
 10269 | D:9      | Found a staircase to the Lair.
 10648 | D:10     | Entered Level 10 of the Dungeon
 10711 | D:10     | Found a broken altar of Ashenzari.
 11001 | D:10     | Noticed a two-headed ogre
 11277 | D:10     | Paralysed by a hornet for 2 turns
 11286 | D:10     | Slain by a hornet

Illustrated notes

Levels and vault maps discovered:
D:1:      lightli_arrival_flooded_house, layout_basic, serial_shops,
          nicolae_lakefront_shop
D:2:      layout_loops_corners, minmay_misc_feat_more_columns
D:3:      layout_basic, chequers_ecumenical_altar_island, uniq_sigmund
D:4:      layout_gridville
D:5:      layout_rooms, nicolae_overflow_squiral, temple_hall
D:6:      layout_layer_cave, kennysheep_vampire_church,
          mainiacjoe_overflow_24_doors, grunt_gozag_breadcrumbs, serial_shops,
          shop, nrook_mini_backslash, minmay_manual_macuahuitl,
          uniq_blork_the_orc, uniq_edmund
D:7:      layout_basic, serial_shops, shop, nicolae_lakefront_shop, shop,
          nicolae_square_shop, kennysheep_small_spiral,
          kennysheep_generic_room_10
D:8:      layout_cave_pools, general_overflow_altar
D:9:      layout_long_grid, mainiacjoe_overflow_two_lobes
D:10:     minmay_general_purpose_star, layout_cave_pools,
          ashenzari_conservatory_becter, serial_rivers,
          chequers_serial_rivers_micro_b, chequers_serial_rivers_large_b,
          chequers_serial_rivers_room_a, chequers_serial_rivers_small_a,
          chequers_serial_rivers_small_3, chequers_serial_rivers_micro_d,
          minivault_10
Temple:   oiseaux_autumnal_temple

Skill      XL: |  1  2  3  4  5  6  7  8  9 10 |
---------------+-------------------------------+-----
Short Blades   | 4 5 6 7 9 10 | 10.0
Stealth        | 1 2 3 4 5 |  5.0
Fighting       | 3 4 6 7 |  7.8
Shields        | 1 2 3 4 5 6 |  6.0
Spellcasting   | 3 |  3.7
Long Blades    | 5 6 |  6.7
Throwing       | |  2.0
Dodging        | |  4.0

Action                     |  1- 3 |  4- 6 |  7- 9 | 10-12 || total
---------------------------+-------+-------+-------+-------++-------
  Melee: Rapier            |   140 |   198 |   546 |       ||   884
         Punch             |     2 |       |       |       ||     2
         Scimitar          |       |       |    46 |    63 ||   109
  Throw: Throwing net      |     3 |     1 |       |       ||     4
         Javelin           |       |       |       |     1 ||     1
 Invoke: Sacrifice Artific |       |       |     1 |       ||     1
         Sacrifice Arcana  |       |       |     1 |       ||     1
  Evoke: Wand              |       |       |     1 |       ||     1
    Use: Scroll            |       |     1 |     8 |     1 ||    10
         Potion            |       |       |     2 |     1 ||     3
   Stab: Sleeping          |     1 |     3 |     2 |     1 ||     7
         Distracted        |     1 |       |     1 |       ||     2
         Invisible         |       |       |     1 |     1 ||     2
 Armour: Leather armour    |    39 |     2 |       |       ||    41
         Scale mail        |       |    56 |   197 |    11 ||   264
         Acid dragon scale |       |       |       |    10 ||    10
  Dodge: Dodged            |    86 |    94 |   242 |    45 ||   467
  Block: Buckler           |       |    29 |   139 |    29 ||   197

Table legend: (Time is in decaauts)
 A = Elapsed time spent in this place.
 B = Non-inter-level travel time spent in this place.
 C = Inter-level travel time spent in this place.
 D = Time resting spent in this place.
 E = Time spent auto-exploring this place.
 F = Levels seen in this place.
 G = Mean time per level.
                   A        B        C        D        E       F      G
               +--------+--------+--------+--------+--------+-----+--------+
         Total |  11106 |  10423 |    683 |   1063 |   7200 |  11 | 1009.6 |
       Dungeon |  10844 |  10191 |    653 |   1063 |   6983 |  10 | 1084.4 |
        Temple |    261 |    231 |     30 |      0 |    216 |   1 |  261.0 |
               +--------+--------+--------+--------+--------+-----+--------+

Top non-repeatable levels by time:
     D:6: 1672 daAuts
     D:7: 1525 daAuts
     D:4: 1378 daAuts
     D:5: 1150 daAuts
     D:3: 1067 daAuts
     D:1: 1054 daAuts
     D:2: 928 daAuts
     D:9: 748 daAuts
     D:8: 703 daAuts
    D:10: 614 daAuts
  Temple: 261 daAuts
